 Dungeon Crawl Stone Soup version 0.19-a0-957-gf4ea323 (webtiles) character file.

520495 mistymad the Slayer (level 25, -13/165 HPs)
             Began as a Gargoyle Fighter on July 10, 2016.
             Was a High Priest of Okawaru.
             Killed from afar by Frederick (47 damage)
             ... with an iron shot
             ... on level 5 of the Vaults.
             The game lasted 03:36:00 (62146 turns).

mistymad the Slayer (Gargoyle Fighter)             Turns: 62146, Time: 03:36:01

Health: -13/165    AC: 78    Str: 32    XL:     25   Next: 86%
Magic:  22/29      EV: 16    Int: 14    God:    Okawaru [*****.]
Gold:   3466       SH: 40    Dex: 15    Spells: 3 memorised, 19 levels left

rFire  . . .     SeeInvis .     q - +9 eveningstar (protect)
rCold  + . .     Gourm    .     G - +8 orange crystal plate armour {Archmagi, Int+3 Clar SustAt}
rNeg   + . .     Faith    .     U - +2 large shield
rPois  ∞         Spirit   .     b - +2 helmet
rElec  +         Dismiss  .     M - +1 cloak {MR+}
rCorr  +         Reflect  +     N - +1 pair of gloves {Dex+3}
SustAt +         Harm     .     V - +1 pair of boots
MR     +++..     Clarity  +     L - brooch of Shielding {Reflect SH+8}
Stlth  ..........               o - ring of resist corrosion
                                W - ring "Hoann" {+Inv MR+ Slay+2, =R}

@: mighty, heroism, finesse, extremely resistant to hostile enchantments,
extremely unstealthy
A: big wings, talons 1, large bone plates 1, thin skeletal structure 1, berserk
1, clarity, clumsy 1, cold resistance 1, frail 1, negative energy resistance 1,
electricity resistance, unbreathing, petrification resistance, rot immunity,
subdued magic 3, AC +19
a: Fly, Heroism, Finesse, Renounce Religion, Evoke Invisibility
}: 2/15 runes: serpentine, barnacled


You were on level 5 of the Vaults.
You worshipped Okawaru.
Okawaru was extremely pleased with you.
You were not hungry.

You visited 9 branches of the dungeon, and saw 45 of its levels.
You visited 1 bazaar.
You also visited: Labyrinth, Sewer, Bailey and Ice Cave.

You collected 5403 gold pieces.
You spent 1937 gold pieces at shops.

Inventory:

Hand Weapons
 q - a +9 eveningstar of protection (weapon)
 D - the +7 flail of the Secret Eyes {holy, Str+2 SInv}
   (You found it on level 12 of the Dungeon)

   It has been blessed by the Shining One to cause great damage to the undead
   and demons.
   It affects your strength (+2).
   It lets you see invisible.
Missiles
 I - 6 throwing nets (quivered)
Armour
 b - a +2 helmet (worn)
 G - the +8 orange crystal plate armour (worn) {Archmagi, Int+3 Clar SustAt}
   (You found it on level 1 of the Snake Pit)

   It affects your intelligence (+3).
   It sustains your strength, intelligence and dexterity.
   It protects you against confusion.
 M - a +1 cloak of magic resistance (worn)
 N - a +1 pair of gloves of dexterity (worn)
 U - a +2 large shield (worn)
 V - a +1 pair of boots (worn)
Jewellery
 e - an uncursed ring of protection from cold {unknown}
 o - a ring of resist corrosion (right hand)
 x - an uncursed ring of see invisible
 y - a +5 ring of evasion
 F - a +1 ring of evasion
 H - an uncursed ring of positive energy
 K - an uncursed ring of protection from fire
 L - the brooch of Shielding (around neck) {Reflect SH+8}
   (You bought it in a shop on level 1 of the Vaults)

   [amulet of reflection]

   It shields you and reflects attacks.
   It affects your SH (+8).
 W - the ring "Hoann" (left hand) {+Inv MR+ Slay+2, =R}
   (You found it on level 1 of the Shoals)

   [ring of protection from magic]

   It affects your accuracy and damage with ranged weapons and melee attacks
   (+2).
   It affects your resistance to hostile enchantments.
   It lets you turn invisible.
Wands
 r - a wand of teleportation (3/9)
 Y - a wand of digging (4/24)
Scrolls
 a - 3 scrolls of blinking
 c - 7 scrolls of identify
 g - 4 scrolls of fear
 i - 19 scrolls of remove curse
 n - 10 scrolls of enchant armour
 w - 13 scrolls of recharging
 B - 10 scrolls of teleportation
 O - 11 scrolls of fog
 S - 6 scrolls of magic mapping
 T - a scroll of summoning
Potions
 d - 7 potions of might
 j - 25 potions of curing
 l - a potion of berserk rage
 p - 6 potions of cure mutation
 s - 6 potions of heal wounds
 t - 3 potions of mutation
 v - 3 potions of invisibility
 E - 6 potions of agility
 J - 8 potions of ambrosia
 P - 2 potions of resistance
 Q - a potion of beneficial mutation
 X - 9 potions of haste
Comestibles
 f - 20 bread rations
 h - 21 meat rations
 k - 30 beef jerkies
 m - 4 chunks of flesh
 u - 6 royal jellies
 z - 34 fruits
 A - a slice of pizza


   Skills:
 + Level 25.9(27) Fighting
 - Level 19.3(24.3) Maces & Flails
 - Level 21.0(26.0) Armour
 - Level 8.5(13.5) Dodging
 - Level 20.6(25.6) Shields
 - Level 9.2 Invocations
 - Level 6.1 Evocations


You had 19 spell levels left.
You knew the following spells:

 Your Spells              Type           Power        Failure   Level  Hunger
a - Repel Missiles        Chrm/Air       #.....       99%         2    ###....
b - Apportation           Tloc           #.........   94%         1    ##.....
c - Blink                 Tloc           N/A          99%         2    ###....


Dungeon Overview and Level Annotations

Branches:
Dungeon (15/15)            Temple (1/1) D:6            Lair (6/6) D:8
 Shoals (4/4) Lair:3        Snake (4/4) Lair:4        Slime (0/5) Lair:5
    Orc (2/2) D:11            Elf (3/3) Orc:2        Vaults (5/5) D:13
  Crypt (0/3) Vaults:2     Depths (5/5) D:15            Zot (0/5) Depths:5

Altars:
Ashenzari
Cheibriados
Dithmenos
Elyvilon
Fedhas
Gozag
Hepliaklqana
Kikubaaqudgha
Makhleb
Nemelex Xobeh
Okawaru
Pakellas
Qazlal
Ru
Sif Muna
Trog
Uskayaw
Vehumet
Xom
Yredelemnul
Zin
The Shining One
Beogh
Lugonu

Shops:
D:4 ??!   D:9 }   D:14 [   Orc:2 %[}}   Elf:3 [   Snake:3 =   Vaults:1 =
Vaults:2 (

Portals:
Hell: Depths:1 Depths:2 Depths:3 Depths:4 Depths:5
Abyss: Depths:2 Depths:4
Pandemonium: Depths:3 Depths:4
Ziggurat: Depths:5

Annotations:
Vaults:5 Frederick


Innate Abilities, Weirdness & Mutations

You are resistant to torment.
Your stone body is resilient. (AC +19)
You are immune to poison.
Your large and strong wings let you fly indefinitely.
You resist negative energy. (rN+)
You are resistant to electric shocks. (rElec)
You can survive without breathing.
You are immune to petrification.
You are immune to rotting.
You have sharp toenails.
You are partially covered in large bone plates. (AC +2, SH +2)
You have a somewhat thin skeletal structure. (Dex +2, Stealth)
You tend to lose your temper in combat.
You possess an exceptional clarity of mind.
You are clumsy. (Dex -2)
Your flesh is cold resistant. (rC+)
You are frail. (-10% HP)
Your spells are much easier to cast, but much less powerful.


Message History

A deep elf sorcerer comes into view. It is wielding a battleaxe of freezing.
You can now deal lightning-fast blows.
The deep elf sorcerer casts a spell at you.
The bolt of acid hits you! You resist.
* * * LOW HITPOINT WARNING * * *
The acid burns!
You resist.
* * * LOW HITPOINT WARNING * * *
You take 8 damage, and have 33/165 hp.
You now have 24/29 mp.
You gain the combat prowess of a mighty hero.
The deep elf sorcerer moves out of view.
You now have 22/29 mp.
You start resting.
The deep elf sorcerer howls an incantation.
The deep elf sorcerer glows brightly for a moment.
You block the deep elf sorcerer's attack.
You bludgeon the deep elf sorcerer!!
The deep elf sorcerer is moderately wounded.
Frederick points at you and mumbles some strange words.
The iron shot hits you!
You die...

#..## @..
#..###....
##.........
##..........
#...##.....#
#@.## #....#
#..## ....#
#...##......
#...@e..##..
#.........##
#.
#....######
# #.... .
#.... .
#.... . #...
. #


You could see Frederick and a deep elf sorcerer.

Vanquished Creatures
  3 juggernauts
  Sojobo (Depths:1)
  Saint Roka (Snake:4)
  Xtahua (Vaults:4)
  2 golden dragons
  5 liches
  Jorgrun (Vaults:3)
  An Ice Fiend (IceCv)
  7 tentacled monstrosities
  3 titans
  3 deep elf blademasters
  The ghost of tstbtto the Warrior, an adept MiFi of Cheibriados (Shoals:4)
  A quicksilver dragon (Vaults:5)
  A deep elf master archer (Elf:3)
  5 sphinxes
  Frances (Shoals:1)
  4 storm dragons
  Roxanne (Shoals:3)
  3 tengu reavers
  Ilsuiw (Shoals:4)
  2 shadow dragons
  4 frost giants
  An iron dragon (Depths:4)
  8 draconian monks (Depths:5)
  6 greater nagas
  Donald (Snake:4)
  3 deep elf sorcerers
  8 fire giants
  A draconian knight (Depths:5)
  Aizul (Elf:3)
  12 vault wardens
  2 orc warlords
  Louise (Snake:4)
  5 deep elf elementalists (Elf:3)
  2 curse skulls (Vaults:2)
  A draconian annihilator (Depths:5)
  13 very ugly things
  12 ironheart preservers
  3 spriggan defenders (Depths:4)
  An entropy weaver (Vaults:5)
  3 vampire knights
  12 stone giants
  Nessos (D:13)
  3 black draconians (Depths:5)
  8 deep elf demonologists
  13 deep elf annihilators
  2 purple draconians (Depths:5)
  2 white draconians (Depths:5)
  3 green draconians (Depths:5)
  5 spark wasps
  The ghost of MordorOrchid the Slicer, a journeyman KoAM of Uskayaw (D:12)
  4 red draconians (Depths:5)
  2 merfolk javelineers (Shoals:4)
  Snorg (D:13)
  7 ettins
  A minotaur (Lab)
  8 fire dragons
  7 deep elf high priests (Elf:3)
  8 deep elf death magi
  8 great orbs of eyes
  11 merfolk impalers
  25 vault guards
  8 yaktaur captains
  12 hydras
  Erolcha (Orc:2)
  10 ice dragons
  4 rakshasas
  10 spriggan air magi
  A juggernaut simulacrum (Depths:4)
  2 catoblepae
  An alligator snapping turtle (Shoals:4)
  9 centaur warriors
  18 naga warriors
  3 death knights
  10 deep troll shamans
  12 ogre magi
  6 merfolk aquamancers
  31 dancing weapons
  4 tengu warriors
  2 satyrs (Shoals:4)
  2 merfolk avatars
  10 anacondas
  14 deep troll earth magi
  The ghost of matakusis the Summoner, a journeyman DrAE of Hepliaklqana (Orc:2)
  11 death yaks
  2 vampire magi
  3 spriggan berserkers (Depths:4)
  7 naga sharpshooters
  Urug (D:11)
  4 large abominations (Depths:2)
  A titan zombie (Depths:4)
  29 deep elf knights
  8 shock serpents
  5 hell knights (Depths:3)
  Nergalle (D:10)
  Sonja (Orc:2)
  A fire crab (shapeshifter) (Depths:2)
  2 shadow wraiths
  4 iron trolls
  5 skeletal warriors (Vaults:2)
  15 sea snakes
  A death drake (Depths:5)
  7 naga ritualists
  3 unseen horrors
  4 giant orange brains
  30 deep trolls
  3 flayed ghosts
  3 phantasmal warriors
  A swamp dragon (shapeshifter) (D:14)
  11 ironbrand convokers
  The ghost of tstbtto the Carver, a novice MiFi of Cheibriados (D:6)
  13 deep elf archers
  20 orc knights
  6 hill giants
  3 necromancers
  7 lindwurms (Depths:5)
  18 harpies
  8 orc sorcerers
  A salamander (shapeshifter) (D:14)
  9 mana vipers
  12 griffons
  2 wizards
  40 ugly things
  A wolf spider (shapeshifter) (Vaults:3)
  7 salamanders
  A hornet (Vaults:1)
  A mana viper (shapeshifter) (Vaults:3)
  3 wolf spiders
  5 fauns (Shoals:1)
  8 cyclopes
  65 deep elf magi
  11 manticores
  37 black mambas
  A black mamba (shapeshifter) (Vaults:3)
  25 naga magi
  4 elephants (Lair:2)
  7 sirens
  14 vault sentinels
  8 water nymphs
  A guardian serpent (Snake:2)
  A guardian serpent (shapeshifter) (Elf:1)
  5 ice statues
  A torpor snail (shapeshifter) (Vaults:1)
  11 spiny frogs
  6 torpor snails (Lair:6)
  A spriggan skeleton (Depths:4)
  2 storm dragon simulacra
  4 kobold demonologists
  3 komodo dragons
  A rime drake (shapeshifter) (D:14)
  A rime drake (Lair:2)
  A yaktaur (shapeshifter) (Vaults:1)
  8 ice devils (IceCv)
  2 efreet
  An elf skeleton (Depths:4)
  31 yaktaurs
  2 anaconda simulacra (IceCv)
  7 freezing wraiths
  A golden dragon simulacrum (IceCv)
  29 merfolk
  A queen bee (shapeshifter) (Depths:1)
  10 small abominations
  A meliai (shapeshifter) (Elf:2)
  3 tengu conjurers
  A jumping spider (shapeshifter) (D:14)
  A troll (shapeshifter) (Vaults:1)
  9 giant leeches (Lair:6)
  23 two-headed ogres
  9 polar bears
  2 wind drakes
  12 trolls
  A slime creature (shapeshifter) (Depths:2)
  A raiju (shapeshifter) (Vaults:1)
  A wolf spider simulacrum (D:14)
  3 blink frogs (Lair:5)
  A tengu simulacrum (Vaults:3)
  5 boulder beetles
  4 raiju (Lair:6)
  A blink frog (shapeshifter) (Vaults:3)
  26 slime creatures
  14 snapping turtles
  A human simulacrum (Vaults:3)
  19 water elementals
  10 spriggans
  11 air elementals
  A redback (Vaults:5)
  A tarantella (shapeshifter) (Depths:2)
  2 wyverns
  2 shadows
  2 wraiths
  A golden eye (shapeshifter) (Depths:2)
  56 yaks
  3 basilisks (Shoals:2)
  2 fire elementals (Elf:2)
  7 hungry ghosts
  5 vampire mosquitoes
  A hippogriff (shapeshifter) (Depths:2)
  13 hippogriffs
  An insubstantial wisp (Lair:6)
  2 chaos spawn (Depths:2)
  4 iron troll simulacra (IceCv)
  4 mottled dragons
  15 wargs
  A harpy simulacrum (IceCv)
  2 hydra simulacra (IceCv)
  2 hell hounds (Lair:6)
  42 nagas
  14 water moccasins
  4 porcupines
  A hornet simulacrum (D:14)
  5 swamp drakes (Depths:5)
  A meliai simulacrum (D:14)
  60 orc warriors
  5 sky beasts
  3 necrophages
  17 black bears
  17 wolves
  6 ice beasts
  3 eyes of draining
  13 wasps
  4 phantoms
  30 centaurs
  56 ogres
  10 crocodiles
  3 big kobolds
  12 giant frogs
  4 earth elementals
  A wyvern skeleton (D:11)
  6 scorpions
  A water moccasin zombie (D:10)
  9 killer bees
  2 howler monkeys (D:13)
  11 wights
  6 electric eels
  9 crimson imps
  3 giant frog zombies
  4 centaur zombies
  5 jellies
  2 quasits
  A gnoll shaman (D:6)
  4 centaur skeletons
  21 hounds
  13 orc priests
  A giant frog skeleton (D:6)
  23 orc wizards
  10 iguanas
  4 polar bear simulacra (Lair:4)
  11 worker ants
  A yak simulacrum (Lair:4)
  14 sheep
  2 wolf simulacra (Lair:4)
  A killer bee zombie (D:5)
  An ogre zombie (Orc:1)
  A hound skeleton (D:8)
  A worker ant zombie (D:7)
  9 gnolls
  21 adders
  23 river rats
  4 shadow imps
  3 white imps (Vaults:3)
  8 oozes
  2 worms
  An adder skeleton (D:7)
  An adder zombie (D:8)
  A dart slug (D:4)
  8 giant geckos
  101 orcs
  2 bat zombies (D:9)
  6 giant cockroaches
  9 goblins
  13 hobgoblins
  13 jackals
  21 kobolds
  7 quokkas
  6 ball pythons
  12 bats
  A giant gecko skeleton (D:5)
  8 giant newts
  16 rats
  4 river rat simulacra (Lair:4)
  2 plants (Lair:6)
  A withered plant (Shoals:2)
2137 creatures vanquished.

Vanquished Creatures (others)
  2 deep elf master archers (Elf:3)
  A deep elf elementalist (Elf:3)
  2 merfolk javelineers
  3 yaktaur captains
  A centaur warrior (Vaults:2)
  A satyr (Shoals:4)
  A spriggan berserker (Depths:5)
  A deep elf knight (Elf:1)
  5 deep elf archers
  An ironbrand convoker (Vaults:3)
  2 deep elf magi (Elf:1)
  A vault sentinel (Vaults:3)
  8 yaktaurs
  An ogre (Vaults:2)
  A centaur (Vaults:2)
  An orc priest (Vaults:1)
  An orc (Vaults:1)
  8 fungi
  37 plants
78 creatures vanquished.

Grand Total: 2215 creatures vanquished

Notes
Turn   | Place    | Note
-------+----------+-------------------------------------------
     0 | D:1      | mistymad the Gargoyle Fighter began the quest for the Orb.
     0 | D:1      | Reached XP level 1. HP: 14/14 MP: 1/1
    74 | D:1      | Reached XP level 2. HP: 19/19 MP: 2/2
   331 | D:1      | Reached XP level 3. HP: 23/23 MP: 3/3
   889 | D:2      | Reached XP level 4. HP: 29/29 MP: 4/4
   914 | D:2      | Reached skill level 4 in Fighting
  1410 | D:2      | Reached XP level 5. HP: 33/33 MP: 5/5
  1515 | D:3      | Found a shadowy altar of Dithmenos.
  2213 | D:4      | Found Utzas's Magic Scroll Boutique.
  2279 | D:4      | Found Jifax's Magic Scroll Boutique.
  2307 | D:4      | Found Kikhleleo's Distillery.
  2314 | D:4      | Bought a potion of curing for 33 gold pieces
  2341 | D:4      | Found an oddly glowing altar of Pakellas.
  2381 | D:4      | Reached XP level 6. HP: 37/39 MP: 6/6
  2490 | D:4      | Reached skill level 5 in Armour
  2920 | D:4      | Found a glowing silver altar of Zin.
  2975 | D:4      | Reached skill level 5 in Fighting
  3058 | D:4      | Found a bloodstained altar of Trog.
  3395 | D:5      | Entered Level 5 of the Dungeon
  3425 | D:5      | Reached skill level 5 in Shields
  3425 | D:5      | Reached XP level 7. HP: 44/44 MP: 7/7
  3729 | D:5      | Found a glowing drain.
  3744 | Sewer    | Entered a sewer
  3966 | Sewer    | Reached XP level 8. HP: 51/51 MP: 8/8
  4307 | D:5      | Found a hazy altar of Hepliaklqana.
  4723 | D:6      | Reached skill level 6 in Fighting
  4743 | D:6      | Reached skill level 5 in Maces & Flails
  4788 | D:6      | Found a sacrificial altar of Ru.
  4789 | D:6      | Found a snail-covered altar of Cheibriados.
  4869 | D:6      | Gained mutation: You are robust. (+10% HP) [mutagenic meat]
  5118 | D:6      | Reached XP level 9. HP: 37/61 MP: 9/9
  5187 | D:6      | Reached skill level 7 in Fighting
  5273 | D:6      | Noticed tstbtto's ghost (novice MiFi)
  5398 | D:6      | Killed tstbtto's ghost
  5443 | D:6      | Found a staircase to the Ecumenical Temple.
  5459 | D:6      | Found a shimmering altar of Xom.
  5460 | D:6      | Found a burning altar of Makhleb.
  5499 | Temple   | Entered the Ecumenical Temple
  5823 | D:7      | Found a radiant altar of Vehumet.
  5986 | D:7      | Found an iron altar of Okawaru.
  6040 | D:7      | Became a worshipper of Warmaster Okawaru
  6151 | D:7      | Reached skill level 8 in Fighting
  6343 | D:7      | Found a hide-covered altar of Uskayaw.
  6507 | D:7      | Found a white marble altar of Elyvilon.
  6963 | D:8      | Found a staircase to the Lair.
  6972 | D:8      | Reached XP level 10. HP: 70/70 MP: 10/10
  7088 | D:8      | Reached * piety under Okawaru
  7108 | D:8      | Found an opulent altar of Gozag.
  7218 | D:8      | Found a glowing golden altar of the Shining One.
  7298 | D:8      | Found a shattered altar of Ashenzari.
  7684 | D:9      | Found Nux Quf's Gadget Shoppe.
  7819 | D:9      | Reached ** piety under Okawaru
  7919 | D:9      | Reached skill level 9 in Fighting
  8434 | D:9      | Found an ancient bone altar of Kikubaaqudgha.
  8480 | D:10     | Entered Level 10 of the Dungeon
  8540 | D:10     | Noticed Nergalle
  8904 | D:10     | Found a flagged portal.
  8929 | Bailey   | Entered a bailey
  8934 | Bailey   | Noticed an orc warlord
  9081 | Bailey   | Found a runed gate.
  9083 | Bailey   | Found a runed gate.
  9239 | Bailey   | Found a runed gate.
  9312 | Bailey   | Killed an orc warlord
  9312 | Bailey   | Reached *** piety under Okawaru
  9312 | Bailey   | Reached XP level 11. HP: 52/79 MP: 9/11
  9583 | D:10     | Noticed a hill giant
  9601 | D:10     | Killed a hill giant
  9601 | D:10     | Reached skill level 10 in Armour
  9601 | D:10     | Reached skill level 1 in Invocations
  9815 | D:10     | Reached **** piety under Okawaru
  9948 | D:10     | Noticed a hill giant
  9964 | D:10     | Killed a hill giant
 10036 | Lair:1   | Entered Level 1 of the Lair of Beasts
 10328 | Lair:1   | Reached skill level 10 in Shields
 10422 | Lair:1   | Reached skill level 10 in Fighting
 10677 | Lair:1   | Noticed a five-headed hydra
 10686 | Lair:1   | Killed a five-headed hydra
 11616 | Lair:2   | Reached ***** piety under Okawaru
 11640 | Lair:2   | Received a gift from Okawaru
 11814 | Lair:2   | Noticed a death yak
 11814 | Lair:2   | Noticed a death yak
 11814 | Lair:2   | Noticed a death yak
 11814 | Lair:2   | Noticed a death yak
 11814 | Lair:2   | Noticed a death yak
 11814 | Lair:2   | Noticed a death yak
 11878 | Lair:2   | Killed a death yak
 11878 | Lair:2   | Reached XP level 12. HP: 63/86 MP: 8/15
 11893 | Lair:2   | Killed a death yak
 11904 | Lair:2   | Killed a death yak
 11914 | Lair:2   | Killed a death yak
 11932 | Lair:2   | Killed a death yak
 11932 | Lair:2   | Received a gift from Okawaru
 11932 | Lair:2   | Reached skill level 11 in Fighting
 11932 | Lair:2   | Reached skill level 5 in Invocations
 11945 | Lair:2   | Killed a death yak
 11949 | Lair:2   | Got an ebony mace {god gift}
 11952 | Lair:2   | Identified the +2 mace of Action {speed, +Fly Str+3 Dex+3} (Okawaru gifted it to you on level 2 of the Lair of Beasts)
 13574 | Lair:3   | Reached skill level 10 in Maces & Flails
 13606 | Lair:3   | Found a staircase to the Shoals.
 14085 | Lair:4   | Got a brightly glowing golden amulet
 14725 | Lair:4   | Found a staircase to the Snake Pit.
 15056 | Lair:4   | Received a gift from Okawaru
 15081 | Lair:4   | Got a shimmering chain mail {god gift}
 15092 | Lair:4   | Identified the +1 chain mail of Experimentation {Dex+5} (Okawaru gifted it to you on level 4 of the Lair of Beasts)
 15126 | Lair:4   | Identified the amulet "Duenon" {+Rage Int+5} (You found it on level 4 of the Lair of Beasts)
 15399 | Lair:5   | Reached XP level 13. HP: 93/93 MP: 17/17
 15579 | Lair:5   | Found a staircase to the Slime Pits.
 15820 | Lair:5   | Reached skill level 12 in Fighting
 16395 | Lair:6   | Entered Level 6 of the Lair of Beasts
 16866 | Lair:6   | Reached ****** piety under Okawaru
 16982 | Lair:6   | Received a gift from Okawaru
 17025 | Lair:6   | Got a brightly glowing chain mail {god gift}
 17036 | Lair:6   | Identified the +5 chain mail of Geapag {+Inv rN+ Dex+4} (Okawaru gifted it to you on level 6 of the Lair of Beasts)
 17626 | Lair:6   | Found a runed door.
 17734 | Lair:6   | Gained mutation: Your large and strong wings let you fly indefinitely. [Gargoyle growth]
 17734 | Lair:6   | Reached XP level 14. HP: 68/101 MP: 13/18
 18149 | Lair:6   | Reached skill level 13 in Fighting
 18635 | Lair:6   | Received a gift from Okawaru
 20934 | D:10     | Killed Nergalle
 21201 | D:11     | Found a labyrinth entrance.
 21326 | Lab      | Entered a labyrinth
 21669 | Lab      | Got a faintly humming chain mail
 21693 | Lab      | Identified the cursed +1 chain mail of Contentment {*Confuse rF- rN+ Int+9 Dex+4} (You found it in a labyrinth)
 21734 | Lab      | Got an ancient battleaxe
 21790 | D:11     | Found an opulent altar of Gozag.
 22030 | D:11     | Received a gift from Okawaru
 22058 | D:11     | Got an ancient scale mail {god gift}
 22071 | D:11     | Identified the +8 scale mail of Wasted Space {rPois Str+2} (Okawaru gifted it to you on level 11 of the Dungeon)
 22137 | D:11     | Noticed Urug
 22191 | D:11     | Killed Urug
 22721 | D:11     | Found a staircase to the Orcish Mines.
 22734 | Orc:1    | Entered Level 1 of the Orcish Mines
 22879 | Orc:1    | Reached XP level 15. HP: 110/110 MP: 19/19
 22932 | Orc:1    | Reached skill level 14 in Fighting
 23153 | Orc:1    | Found a roughly hewn altar of Beogh.
 23433 | Orc:1    | Identified Sif Muna's Papyrus of Glacial Transmutation
 23521 | Orc:2    | Entered Level 2 of the Orcish Mines
 23521 | Orc:2    | Noticed Sonja
 23535 | Orc:2    | Noticed Erolcha
 23544 | Orc:2    | Killed Erolcha
 23547 | Orc:2    | Killed Sonja
 24165 | Orc:2    | Noticed matakusis's ghost (journeyman DrAE)
 24184 | Orc:2    | Killed matakusis's ghost
 24339 | Orc:2    | Found a staircase to the Elven Halls.
 24385 | Orc:2    | Found Pocil's Gadget Emporium.
 24385 | Orc:2    | Found Boneomp's Armour Boutique.
 24387 | Orc:2    | Found Taifi's Food Shop.
 24389 | Orc:2    | Found Zireerph's Gadget Shoppe.
 24403 | Orc:2    | Bought a wand of digging (10/24) for 336 gold pieces
 24954 | D:12     | Noticed MordorOrchid's ghost (journeyman KoAM)
 24974 | D:12     | Killed MordorOrchid's ghost
 25111 | D:12     | Got a pitted flail
 25112 | D:12     | Identified the +7 flail of the Secret Eyes {holy, Str+2 SInv} (You found it on level 12 of the Dungeon)
 25591 | D:13     | Received a gift from Okawaru
 25846 | D:13     | Found a gate to the Vaults.
 26454 | D:13     | Noticed Nessos
 26466 | D:13     | Noticed Snorg
 26485 | D:13     | Killed Nessos
 26789 | D:13     | Reached skill level 15 in Shields
 26861 | D:13     | Killed Snorg
 26861 | D:13     | Reached skill level 15 in Armour
 27132 | D:14     | Reached XP level 16. HP: 117/117 MP: 20/20
 27494 | D:14     | Reached skill level 15 in Fighting
 27529 | D:14     | Received a gift from Okawaru
 27536 | D:14     | Got a dazzling ring mail {god gift}
 27618 | D:14     | Identified the +7 ring mail "Tuvaorod" {Dex+5} (Okawaru gifted it to you on level 14 of the Dungeon)
 28457 | D:14     | Found Yraskiq's Armour Emporium.
 28465 | D:14     | Bought a +2 cloak of invisibility for 279 gold pieces
 28918 | D:15     | Entered Level 15 of the Dungeon
 29980 | D:15     | Found a staircase to the Depths.
 30452 | Snake:1  | Entered Level 1 of the Snake Pit
 31295 | Snake:1  | Received a gift from Okawaru
 31980 | Snake:2  | Reached skill level 16 in Fighting
 32134 | Snake:2  | Reached XP level 17. HP: 88/126 MP: 21/21
 33563 | Snake:3  | Found Kuajiu's Jewellery Emporium.
 33583 | Snake:3  | Reached skill level 15 in Maces & Flails
 34235 | Snake:4  | Entered Level 4 of the Snake Pit
 34237 | Snake:4  | Noticed Donald
 34258 | Snake:4  | Killed Donald
 34271 | Snake:4  | Found a flickering gateway to a bazaar.
 34291 | Snake:4  | Received a gift from Okawaru
 34300 | Snake:4  | Got a spiked cloak {god gift}
 34312 | Snake:4  | Identified the +2 cloak of the Other Side {rPois rF- MR+ Str+4} (Okawaru gifted it to you on level 4 of the Snake Pit)
 34732 | Snake:4  | Noticed Louise
 34745 | Snake:4  | Killed Louise
 35290 | Snake:4  | Reached skill level 17 in Fighting
 35349 | Snake:4  | Reached XP level 18. HP: 135/135 MP: 22/22
 35401 | Snake:4  | Noticed Saint Roka
 35410 | Snake:4  | Received a gift from Okawaru
 35696 | Snake:4  | Killed Saint Roka
 36048 | Snake:4  | Got a serpentine rune of Zot
 36363 | Shoals:1 | Entered Level 1 of the Shoals
 36384 | Shoals:1 | Found a frozen archway.
 36419 | IceCv    | Entered an ice cave
 37116 | IceCv    | Noticed an Ice Fiend
 37124 | IceCv    | Killed an Ice Fiend
 37137 | IceCv    | Got a crystal scimitar
 37138 | IceCv    | Identified the cursed +3 scimitar of Ylilayn {vamp, MR- Str+2 Int+2 SInv} (You found it in an ice cave)
 37510 | Shoals:1 | Noticed Frances
 37524 | Shoals:1 | Lost mutation: You are robust. (+10% HP) [a neqoxec]
 37537 | Shoals:1 | Killed Frances
 38067 | Shoals:1 | Got a scorched golden ring
 38344 | Shoals:2 | Received a gift from Okawaru
 38348 | Shoals:2 | Identified the ring "Hoann" {+Inv MR+ Slay+2} (You found it on level 1 of the Shoals)
 38908 | Shoals:2 | Identified the Volume of Combat Magic (You found it on level 2 of the Shoals)
 39293 | Shoals:3 | Noticed Roxanne
 39342 | Shoals:3 | Killed Roxanne
 40073 | Shoals:3 | Found Etwe Owi's Antique Armour Shop.
 40419 | Shoals:4 | Entered Level 4 of the Shoals
 40431 | Shoals:4 | Reached XP level 19. HP: 109/130 MP: 23/23
 40451 | Shoals:4 | Received a gift from Okawaru
 40455 | Shoals:4 | Reached skill level 18 in Fighting
 40515 | Shoals:4 | Got a barnacled rune of Zot
 40750 | Shoals:4 | Received a gift from Okawaru
 40820 | Shoals:4 | Identified the +1 chain mail of Nuj Qash {Str+2 Stlth+} (Okawaru gifted it to you on level 4 of the Shoals)
 40837 | Shoals:4 | Noticed Ilsuiw
 40874 | Shoals:4 | Killed Ilsuiw
 41044 | Shoals:4 | Noticed tstbtto's ghost (adept MiFi)
 41063 | Shoals:4 | Killed tstbtto's ghost
 42387 | Elf:1    | Entered Level 1 of the Elven Halls
 42414 | Elf:1    | Reached skill level 1 in Evocations
 42712 | Vaults:1 | Entered Level 1 of the Vaults
 42759 | Vaults:1 | Found Cimomept's Jewellery Emporium.
 42770 | Vaults:1 | Bought the brooch of Shielding {Reflect SH+8} for 416 gold pieces
 43054 | Vaults:1 | Reached skill level 5 in Evocations
 43835 | Vaults:2 | Reached XP level 20. HP: 136/136 MP: 25/25
 43837 | Vaults:2 | Received a gift from Okawaru
 43900 | Vaults:2 | Gained mutation: You are clumsy. (Dex -2) [mutagenic meat]
 43903 | Vaults:2 | Gained mutation: You possess an exceptional clarity of mind. [mutagenic meat]
 43906 | Vaults:2 | Gained mutation: You are partially covered in large bone plates. (AC +2, SH +2) [mutagenic meat]
 44084 | Vaults:2 | Found a staircase to the Crypt.
 44229 | Vaults:2 | Gained mutation: You are weak. (Str -2) [mutagenic meat]
 44232 | Vaults:2 | Gained mutation: Your flesh is cold resistant. (rC+) [mutagenic meat]
 44431 | Vaults:2 | Gained mutation: You have a somewhat thin skeletal structure. (Dex +2, Stealth) [mutagenic meat]
 44434 | Vaults:2 | Lost mutation: You are clumsy. (Dex -2) [mutagenic meat]
 44437 | Vaults:2 | Gained mutation: Your spells are a little easier to cast, but a little less powerful. [mutagenic meat]
 44652 | Vaults:2 | Found Evaiput's Weapon Shop.
 45399 | Vaults:3 | Noticed Jorgrun
 45404 | Vaults:3 | Killed Jorgrun
 45526 | Vaults:3 | Received a gift from Okawaru
 45560 | Vaults:3 | Found a gateway to a bazaar.
 45565 | Bazaar   | Entered a bazaar
 45579 | Bazaar   | Found Riarysmont's Assorted Antiques.
 45585 | Bazaar   | Bought a crude golden ring for 115 gold pieces
 45593 | Bazaar   | Identified the ring of Bodily Harmony {Slay+3 Stlth+} (You bought it in a shop in a bazaar)
 45607 | Bazaar   | Found Eruran's Antique Weapon Emporium.
 45607 | Bazaar   | Found Metojo Ewoph's Magic Scroll Shoppe.
 45629 | Bazaar   | Found Kesothick's Gadget Emporium.
 45629 | Bazaar   | Found Ynkosh's Distillery.
 45697 | Bazaar   | Bought a potion of might for 44 gold pieces
 45697 | Bazaar   | Bought a potion of agility for 44 gold pieces
 45697 | Bazaar   | Bought a potion of cure mutation for 275 gold pieces
 45697 | Bazaar   | Bought a potion of haste for 110 gold pieces
 45697 | Bazaar   | Bought a potion of agility for 44 gold pieces
 45697 | Bazaar   | Bought 2 potions of might for 88 gold pieces
 46507 | Vaults:3 | Reached skill level 19 in Fighting
 46747 | Vaults:3 | Received a gift from Okawaru
 46880 | Vaults:3 | Noticed a lich
 46883 | Vaults:3 | Reached XP level 21. HP: 116/144 MP: 24/26
 46894 | Vaults:3 | Received a gift from Okawaru
 47424 | Vaults:4 | Noticed Xtahua
 47444 | Vaults:4 | Killed Xtahua
 48521 | Vaults:4 | Learned a level 2 spell: Repel Missiles
 48574 | Vaults:4 | Received a gift from Okawaru
 49174 | Vaults:5 | Entered Level 5 of the Vaults
 50101 | Elf:1    | Reached skill level 1 in Dodging
 50115 | Elf:1    | Received a gift from Okawaru
 50186 | Elf:1    | Reached XP level 22. HP: 152/152 MP: 28/28
 50270 | Elf:1    | Reached skill level 20 in Fighting
 51465 | Elf:2    | Reached skill level 5 in Dodging
 51535 | Elf:2    | Found a runed gate.
 51535 | Elf:2    | Found a runed gate.
 51536 | Elf:2    | Found a runed gate.
 52115 | Elf:3    | Entered Level 3 of the Elven Halls
 52126 | Elf:3    | Found Tacseor's Antique Armour Emporium.
 52137 | Elf:3    | Bought a runed helmet for 153 gold pieces
 52208 | Elf:3    | Noticed Aizul
 52225 | Elf:3    | Killed Aizul
 52799 | Elf:3    | Reached skill level 21 in Fighting
 52863 | Elf:3    | Received a gift from Okawaru
 53424 | Elf:3    | Reached XP level 23. HP: 122/160 MP: 22/29
 53522 | Elf:3    | Got a glittering bronze ring
 53531 | Elf:3    | Identified the cursed ring of Ythrotate {Int+2 Dex-3} (You took it off a deep elf high priest on level 3 of the Elven Halls)
 53685 | Elf:3    | Identified the +0 buckler of Yredelemnul's Reproof {Int+8} (You found it on level 3 of the Elven Halls)
 53791 | Elf:3    | Identified Ledief's Handbook of Summoning and Moulding
 53798 | Elf:3    | Identified Lytaiquzod's Incunabulum of the Spatial Glacier
 54090 | Depths:1 | Entered Level 1 of the Depths
 54090 | Depths:1 | Noticed Sojobo
 54127 | Depths:1 | Killed Sojobo
 54127 | Depths:1 | Received a gift from Okawaru
 54517 | Depths:1 | Gained mutation: Scrolls take you a little longer to read. [mutagenic meat]
 54701 | Depths:1 | Gained mutation: You have sharp toenails. [mutagenic meat]
 54704 | Depths:1 | Gained mutation: You are frail. (-10% HP) [mutagenic meat]
 54710 | Depths:1 | Gained mutation: You are partially covered in rough black scales. (AC +4, Dex -1) [mutagenic meat]
 54874 | Depths:1 | Found a gateway to Hell.
 55365 | Depths:2 | Received a gift from Okawaru
 55801 | Depths:2 | Reached skill level 22 in Fighting
 55968 | Depths:2 | Found a one-way gate to the infinite horrors of the Abyss.
 56357 | Depths:2 | Gained mutation: You tend to lose your temper in combat. [mutagenic meat]
 56360 | Depths:2 | Gained mutation: Your spells are easier to cast, but less powerful. [mutagenic meat]
 56375 | Depths:2 | Gained mutation: You passively map a small area around you. [mutagenic meat]
 56381 | Depths:2 | Lost mutation: You are weak. (Str -2) [mutagenic meat]
 56384 | Depths:2 | Lost mutation: You have sharp toenails. [mutagenic meat]
 56387 | Depths:2 | Gained mutation: You are clumsy. (Dex -2) [mutagenic meat]
 56393 | Depths:2 | Lost mutation: You possess an exceptional clarity of mind. [mutagenic meat]
 56396 | Depths:2 | Gained mutation: You occasionally shout uncontrollably at your foes. [mutagenic meat]
 56399 | Depths:2 | Lost mutation: You occasionally shout uncontrollably at your foes. [mutagenic meat]
 56402 | Depths:2 | Gained mutation: Scrolls take you longer to read. [mutagenic meat]
 56853 | Depths:2 | Lost mutation: You passively map a small area around you. [mutagenic meat]
 56856 | Depths:2 | Gained mutation: Your spells are much easier to cast, but much less powerful. [mutagenic meat]
 57108 | Depths:3 | Received a gift from Okawaru
 57114 | Depths:3 | Found a one-way gate leading to the halls of Pandemonium.
 57401 | Depths:3 | Reached XP level 24. HP: 151/151 MP: 29/29
 57441 | Depths:3 | Noticed a juggernaut
 57458 | Depths:3 | Killed a juggernaut
 57464 | Depths:3 | Noticed a juggernaut
 57498 | Depths:3 | Killed a juggernaut
 57849 | Depths:3 | Identified the +7 battleaxe of Gahi {holy, rPois} (You took it off a deep elf death mage on level 3 of the Depths)
 57977 | Depths:3 | Identified the Tome of the Twisted Mountains
 57980 | Depths:3 | Learned a level 1 spell: Apportation
 58560 | Depths:4 | Received a gift from Okawaru
 59047 | Depths:4 | Reached skill level 23 in Fighting
 59397 | Depths:4 | Learned a level 2 spell: Blink
 59445 | Depths:4 | Received a gift from Okawaru
 59543 | Depths:4 | Reached XP level 25. HP: 157/160 MP: 29/29
 59863 | Depths:5 | Entered Level 5 of the Depths
 59895 | Depths:5 | Reached skill level 24 in Fighting
 59925 | Depths:5 | Found a gateway to a ziggurat.
 60079 | Depths:5 | Lost mutation: Scrolls take you longer to read. [mutagenic meat]
 60088 | Depths:5 | Lost mutation: You are clumsy. (Dex -2) [mutagenic meat]
 60091 | Depths:5 | Gained mutation: You possess an exceptional clarity of mind. [mutagenic meat]
 60100 | Depths:5 | Gained mutation: You are clumsy. (Dex -2) [mutagenic meat]
 60106 | Depths:5 | Lost mutation: Scrolls take you a little longer to read. [mutagenic meat]
 60109 | Depths:5 | Lost mutation: You are partially covered in rough black scales. (AC +4, Dex -1) [mutagenic meat]
 60115 | Depths:5 | Gained mutation: You have sharp toenails. [mutagenic meat]
 60221 | Depths:5 | Noticed a juggernaut
 60235 | Depths:5 | Killed a juggernaut
 60519 | Depths:5 | Received a gift from Okawaru
 60685 | Depths:5 | Found a gate to the Realm of Zot.
 60783 | Depths:5 | Reached skill level 25 in Fighting
 62031 | Vaults:5 | Received a gift from Okawaru
 62137 | Vaults:5 | Noticed Frederick
 62146 | Vaults:5 | Killed from afar by Frederick

Vault maps used:
D:1:      dpeg_arrival_boxorama, solitary_fountain
D:3:      nicolae_dithmenos_through_a_glass_darkly, minmay_vboxes
D:4:      nicolae_overflow_hidden_temple, kennysheep_mini_moat,
          kennysheep_little_box, serial_shops, shop, shop, shop, fountainhead,
          st_stairs_3, grunt_decor_mini_mirrors, fountainhead
D:5:      kennysheep_mini, first_bread, portal_sewer_entry_e,
          wad_floor_pattern_untrapped
D:6:      grunt_temple_overflow_champion_of_chaos,
          gammafunk_temple_overflow_pools, kennysheep_generic_room_16
D:7:      elyvilon_altar_4, marbit_many_paths, lemuel_crystal_altar,
          old_standard_altar
D:8:      lemuel_doored_altar, lemuel_round_altar,
          grunt_lair_entry_orc_guard_hut, basic_altar
D:9:      lemuel_zombie_altar_kikubaaqudgha, serial_shops, shop
D:10:     enter_bailey_2, hangedman_fish_farm, uniq_nergalle
D:11:     minmay_bloctagon, basic_altar, lab_entry_generic, uniq_urug
D:13:     erik_vaults_2, uniq_nessos, uniq_snorg
D:14:     minmay_stepped, kennysheep_nub, serial_shops, shop
D:15:     grunt_enter_depths_snipers, roderic_lattice_a
Temple:   corrupted_temple
Lair:2:   grunt_forest_stairs_basic, serial_bayou_crossing, grunt_megastairs_2,
          serial_bayou_shore_a
Lair:3:   minmay_shoals_entry_hut
Lair:4:   guppyfry_snake_entry_garden, eino_house_with_fridge
Lair:5:   nicolae_slime_entry_slimehenge, st_stairs_3, lemuel_fruit_tree,
          grunt_megastairs_3
Lair:6:   hangedman_lair_caniforms_friends, wormcave, pond
Shoals:1: portal_ice_cave_entry_ice_statue_one, uniq_frances
Shoals:2: argonaut_gorgonesque
Shoals:3: serial_shops, shop, uniq_roxanne
Shoals:4: shoals_end_simple, shoal_ilsuiw
Snake:1:  special_room, st_stairs_12, spider_trap, guppyfry_snake_island
Snake:3:  serial_shops, shop
Snake:4:  snake_pit, serial_shops, bzr_entry_water, uniq_saint_roka,
          uniq_louise, uniq_donald
Orc:1:    lemuel_ogre_cave, mines2_david
Orc:2:    st_orc_rangers, uniq_sonja, uniq_erolcha
Elf:1:    minmay_elf_crystal_heptagon, grunt_ministairs_2, st_stairs_3
Elf:2:    minivault_23
Elf:3:    minmay_elf_hall_hex, serial_shops, nicolae_shop_overgrown_old_shop,
          minivault_19, uniq_aizul
Vaults:1: hangedman_vaults_unwind, nicolae_vaults_alarming,
          nicolae_vaults_shelves_hall, nicolae_vaults_little_squares_5,
          hangedman_vaults_maws, vaults_standard_mumra_enter_the_diamond,
          v_misc_2, v_misc_3, nicolae_vaults_murderbox, v_misc_24, serial_shops,
          nicolae_shop_competitors_out_of_business
Vaults:2: grunt_vaults_hallway_short, nicolae_vaults_angled_halls,
          hangedman_vaults_slice, nicolae_vaults_what_the_h,
          nicolae_vaults_little_squares_6, nicolae_vaults_little_ls, v_misc_18,
          minmay_crypt_entry_simple_statues, serial_shops, shop
Vaults:3: vaults_room_door_hall, grunt_vaults_swirl, v_rooms_3, v_rooms_2,
          v_misc_18, v_misc_14, vaults_dpeg_cross, vaults_room_fours,
          ontoclasm_vaults_shuriken, vaults_room_fancy_cross, serial_ice_b,
          ontoclasm_vaults_gateway, dpeg_vaults_pockets_of_resistance,
          vaults_room_semicircle, serial_shops, bzr_entry_dummy, uniq_jorgrun
Vaults:4: vaults_room_corners, vaults_room_grid, vaults_room_glass_cross,
          v_alt_pattern_6, hangedman_vaults_locks, v_misc_25, vaults_room_pool,
          v_misc_9, ontoclasm_vaults_pinch, v_pattern_1, vaults_dpeg_hooks,
          v_misc_14, v_misc_31, vaults_room_semicircle, uniq_xtahua
Vaults:5: serial_shops, uniq_frederick
Depths:1: nicolae_benzene_ring, hangedman_coc_ice_floe, kennysheep_small_circle,
          uniq_sojobo
Depths:2: minmay_split_circle, kennysheep_big_empty_room,
          minmay_room_of_horrors, hell_entry, basic_stair_grate_trap,
          infiniplex_staircase_x
Depths:3: cross_vault, pan_entry, minmay_misc_feat_columns, hell_entry,
          small_statue_intersection, infiniplex_staircase_9_rooms
Depths:4: grunt_runaround, abyss_entry, pan_entry, hell_entry
Depths:5: lemuel_castle_with_subvaults, enter_ziggurat_e, abandoned_shop,
          pf_vacation_house_of_asmodeus, hangedman_abyss_or_decor_slice
Lab:      labyrinth_hidden_loot, nicolae_lab_big_swirl, nicolae_lab_arrow,
          nicolae_lab_grate, nicolae_lab_hexagon, nicolae_lab_dead_end,
          lab_fountain
Bazaar:   bazaar_long_row
Sewer:    sewer_co_15_rooms
Bailey:   bailey_axe_bossmonster_kennysheep, bailey
IceCv:    ice_cave_tombish

Skill      XL: |  1  2  3  4  5  6  7  8  9 10 11 12 13 14 15 16 17 18 19 20 21 22 23 24 25 |
---------------+----------------------------------------------------------------------------+-----
Armour         | 4 5 6 7 8 9 11 13 14 15 16 17 18 19 20 21 | 21.0
Fighting       | 4 5 6 8 9 10 11 12 13 14 16 17 18 19 21 22 23 25 | 25.9
Shields        | 4 5 6 8 9 10 11 12 14 15 16 17 18 19 20 | 20.6
Maces & Flails | 3 4 5 6 8 9 10 11 12 13 14 15 16 17 18 19 | 19.3
Invocations    | 4 6 7 9 |  9.2
Evocations     | 6 |  6.1
Dodging        | 2 7 8 |  8.5

Action                   |  1- 3 |  4- 6 |  7- 9 | 10-12 | 13-15 | 16-18 | 19-21 | 22-24 | 25-27 || total
-------------------------+-------+-------+-------+-------+-------+-------+-------+-------+-------++-------
Melee: Flail             |   134 |   304 |   692 |  1010 |   337 |   784 |       |       |       ||  3261
       Mace              |       |       |       |   425 |  1974 |       |       |       |       ||  2399
       Morningstar       |       |       |       |     9 |       |       |       |       |       ||     9
       Eveningstar       |       |       |       |       |   481 |  1187 |  1729 |  1905 |   654 ||  5956
Throw: Throwing net      |       |       |       |       |       |     1 |       |       |       ||     1
Invok: Heroism           |       |       |       |    10 |    16 |     9 |    14 |    15 |     6 ||    70
       Finesse           |       |       |       |     1 |     2 |     5 |    10 |    14 |     5 ||    37
 Abil: Evoke Berserk Rag |       |       |       |       |     2 |       |       |       |       ||     2
       Stop Flying       |       |       |       |       |       |     3 |     1 |       |     1 ||     5
       Fly               |       |       |       |       |       |     3 |       |       |     1 ||     4
       Evoke Invisibilit |       |       |       |       |       |     1 |       |       |       ||     1
Evoke: Wand              |       |       |       |     4 |     6 |     6 |       |     9 |     1 ||    26
  Use: Potion            |       |       |     1 |     2 |       |     1 |       |     1 |     6 ||    11
       Scroll            |       |       |    14 |    12 |    10 |     7 |     3 |    17 |       ||    63
 Stab: Paralysed         |       |       |       |       |     2 |       |       |       |       ||     2
       Held in net/web   |       |       |       |       |       |     1 |       |       |       ||     1
       Petrifying        |       |       |       |       |       |     2 |       |       |       ||     2
       Petrified         |       |       |       |       |       |     1 |       |       |       ||     1
       Distracted        |       |       |       |       |       |       |       |     1 |       ||     1
  Eat: Chunk             |       |     9 |    15 |    29 |    47 |    56 |    33 |    61 |    31 ||   281
Armor: Scale mail        |    77 |       |       |       |       |       |       |       |       ||    77
       Plate armour      |    16 |   216 |   432 |   953 |   223 |       |       |       |       ||  1840
       Chain mail        |       |       |       |       |   970 |   262 |       |       |       ||  1232
       Crystal plate arm |       |       |       |       |       |   716 |   706 |   526 |   324 ||  2272
Dodge: Dodged            |    54 |    45 |   156 |   328 |   561 |   300 |   192 |   200 |   179 ||  2015
Block: Shield            |    78 |   158 |   401 |   951 |  1620 |  1357 |  1583 |       |       ||  6148
       Reflection        |       |       |       |       |       |     5 |   117 |   153 |    19 ||   294
       Large shield      |       |       |       |       |       |       |    54 |  2086 |  1068 ||  3208
